AoeStats
← Lucierna111

Arena

510251844Analyzed
1v1 RM · 2d ago on Sep 30, 2026· 42m 11s· 2 players
Game mode
Random Map
Map size
Tiny (2 player)
Population
200
Speed
Normal
Resources
Standard
Victory
Conquest
Starting age
Dark Age
Ending age
Imperial Age
RankedLock teamsTeams togetherTeam positionsShared explorationLock speedFull tech treeHidden civsTurbo modeCheats
Victory
Defeat
🇦🇷 Huns · Argentina
619
+15
🇦🇺 Britons · Australia
598
-15
zyborg2g
12:14 Feudal Age
13:35 Wheelbarrow
12:45 Horse Collar
13:01 Double-Bit Axe
19:17 Castle Age
17:05 Loom
17:48 Fletching
17:59 Padded Archer Armor
18:31 Stone Mining
18:35 Gold Mining
22:59 Bodkin Arrow
24:51 Bow Saw
39:08 Imperial Age
39:53 Heavy Plow
Lucierna111
7:37 Loom
9:43 Feudal Age
10:58 Double-Bit Axe
13:14 Wheelbarrow
13:21 Wheelbarrow
13:54 Gold Mining
15:00 Wheelbarrow
14:13 Horse Collar
19:39 Castle Age
18:39 Stone Mining
19:06 Scale Barding Armor
20:47 Chain Barding Armor
21:51 Bow Saw
22:19 Gold Shaft Mining
21:50 Husbandry
23:01 Hand Cart
24:06 Bloodlines
25:02 Heavy Plow
27:04 Bloodlines
29:33 Town Watch
31:15 Fletching
31:28 Padded Archer Armor
31:35 Town Patrol
36:02 Imperial Age
34:11 Murder Holes
34:10 Fletching
35:00 Ballistics
34:51 Masonry
36:16 Marauders
36:44 Leather Archer Armor
36:40 Forging
36:10 Elite Tarkan
37:15 Conscription
37:24 Atheism
36:31 Elite Tarkan
40:10 Two-Man Saw
40:09 Guilds
41:07 Atheism
43:02 Plate Barding Armor
43:03 Iron Casting
42:24 Bodkin Arrow
Connection lost

Rejoining the realm…

Still unreachable

The connection could not be restored.

Session expired

The server has moved on; the page needs a fresh start.